 Dungeon Crawl Stone Soup version 0.30.0 (webtiles) character file.

Game seed: 14769236413738559003

66 Dani the Chopper (level 3, 0/29 HPs)
             Began as a Demonspawn Fighter on May 20, 2023.
             Succumbed to an adder's poison
             ... on level 3 of the Dungeon.
             The game lasted 00:01:48 (1272 turns).

Dani the Chopper (Demonspawn Fighter)               Turns: 1272, Time: 00:01:49

Health: 0/29       AC:  6    Str: 16    XL:     3   Next: 96%
Magic:  3/3        EV:  8    Int: 11    God:
Gold:   102        SH:  4    Dex: 12    Spells: 2/2 levels left

rFire   . . .        a - +0 war axe
rCold   . . .        c - +0 buckler
rNeg    . . .        b - +0 scale mail
rPois   .            (no helmet)
rElec   .            (no cloak)
rCorr   .            (no gloves)
SInv    .            (no boots)
Will    .....        (no amulet) Stlth
                     (no ring)
HPRegen 0.24/turn    (no ring)
MPRegen 0.08/turn

%: no passive effects
@: lethally poisoned (0 -> -1)
A: demonic touch 1
a: no special abilities


You were on level 3 of the Dungeon.
You visited 1 branch of the dungeon, and saw 3 of its levels.

You collected 102 gold pieces.

Inventory:

Hand Weapons
 a - a +0 war axe (weapon)
Missiles
 e - 5 javelins (quivered)
Armour
 b - a +0 scale mail (worn)
 c - a +0 buckler (worn)
Wands
 D - a wand of digging (4)
   (You found it on level 3 of the Dungeon)
Scrolls
 R - a scroll of identify {@r1}
 T - 2 scrolls of teleportation
Potions
 d - a potion of might
 g - 2 potions of heal wounds
 Q - a potion of curing {@q1}


   Skills:
 - Level 3.0 Fighting
 + Level 3.9 Axes
 - Level 2.6 Armour
 - Level 2.6 Shields


You had 2 spell levels left.
You didn't know any spells.
Your spell library contained the following spells:

 Spells                   Type           Power      Damage    Failure   Level
 Kiss of Death            Conj/Necr      0%         2d5       86%         1
 Ensorcelled Hibernation  Hex/Ice        0%         N/A       94%         2
 Confusing Touch          Hex            0%         N/A       99%         3
 Spider Form              Tmut/Pois      0%         N/A       99%         3
 Anguish                  Hex/Necr       0%         N/A       100%        4
 Dispel Undead            Necr           0%         3d6       100%        4


Dungeon Overview and Level Annotations

Branches:
Dungeon (3/15)

Altars:
Hepliaklqana


Innate Abilities, Weirdness & Mutations

Your touch may inflict minor irresistible damage on your foes.


Message History

The adder bites you. You block the adder's attack.
The adder bites you but does no damage.
There are monsters nearby!
You miss the adder.
The adder is almost dead.
You hit the adder. You hit the plant. You block the adder's attack.
The adder barely misses you. The adder bites you.
You are poisoned.
The adder poisons you!
You slash the adder!
You kill the adder!
You miss the adder. You hit the plant.
You feel sick.
A nearby plant withers and dies.
The adder bites you but does no damage. The adder bites you.
An adder is nearby!
You closely miss the adder.
The adder is heavily wounded.
You feel sick. The adder bites you but does no damage.
An adder is nearby!
You miss the adder.
The adder is heavily wounded.
You feel sick. The adder bites you.
* * * LOW HITPOINT WARNING * * *
The adder closely misses you.
An adder is nearby!
You miss the adder.
The adder is heavily wounded.
You feel sick. The adder closely misses you.
The adder bites you but does no damage.
An adder is nearby!
You closely miss the adder.
The adder is heavily wounded.
You feel sick.
You are no longer poisoned.
The adder bites you but does no damage.
You barely miss the adder.
The adder is heavily wounded.
The adder barely misses you. The adder bites you but does no damage.
An adder is nearby!
You hit the adder.
The adder is severely wounded.
The adder barely misses you. The adder misses you.
An adder is nearby!
You miss the adder.
The adder is severely wounded.
The adder bites you but does no damage. x2
An adder is nearby!
You barely miss the adder.
The adder is severely wounded.
The adder closely misses you.
You closely miss the adder.
The adder is severely wounded.
The adder bites you.
* * * LOW HITPOINT WARNING * * *
The adder bites you.
* * * LOW HITPOINT WARNING * * *
An adder is nearby!
You are too injured to fight recklessly!
An adder is nearby!
You are too injured to fight recklessly!
An adder is nearby!
You are too injured to fight recklessly!
Unknown command.
An adder is nearby!
You are too injured to fight recklessly!
You are too injured to fight recklessly!
An adder is nearby!
You barely miss the adder.
The adder is severely wounded.
The adder bites you but does no damage. The adder closely misses you.
You barely miss the adder.
The adder is heavily wounded.
The adder bites you.
* * * LOW HITPOINT WARNING * * *
The adder bites you but does no damage.
You miss the adder.
The adder is heavily wounded.
The adder bites you.
* * * LOW HITPOINT WARNING * * *
You are poisoned.
The adder poisons you!
You closely miss the adder.
The adder is heavily wounded.
You feel sick. The adder bites you.
* * * LOW HITPOINT WARNING * * *
The adder misses you.
You hit the adder.
The adder is severely wounded.
* * * LOW HITPOINT WARNING * * *
You feel sick. You block the adder's attack.
The adder bites you but does no damage.
You miss the adder.
The adder is severely wounded.
* * * LOW HITPOINT WARNING * * *
You feel sick. The adder bites you.
* * * LOW HITPOINT WARNING * * *
The adder bites you but does no damage.
You barely miss the adder.
The adder is severely wounded.
You die...

###..P~~#......#.~
..~###..~~......†~~
P...~###.~......~~#
#..P~~≈##~~.....###
##.P.~~≈≈#####'###
#...~~~~≈~~ #..#
#P.~~≈≈≈~ ##''##
#...~≈#### #....#
#..@S~≈≈≈# #....#
#....~~≈≈# #....#
#PP..~######....####
##.P..~~~~#.####.#~~
##....~~~~## ##~~~
##P.P.~### ###~
#######


You could see an adder.

Vanquished Creatures
  4 adders
  A worm (D:2)
  2 dart slugs
  A ball python (D:1)
  An endoplasm (D:1)
  2 giant cockroaches
  4 goblins
  4 hobgoblins
  A frilled lizard (D:2)
  A kobold (D:2)
  4 rats
25 creatures vanquished.

Vanquished Creatures (others)
  2 plants (D:3)
2 creatures vanquished.

Grand Total: 27 creatures vanquished

Notes
Turn   | Place    | Note
-------+----------+-------------------------------------------
     0 | D:1      | Dani the Demonspawn Fighter began the quest for the Orb.
     0 | D:1      | Reached XP level 1. HP: 18/18 MP: 1/1
    94 | D:1      | Reached skill level 2 in Axes
   357 | D:1      | You fall into a shaft and drop 1 floor!
   371 | D:2      | Discovered your monstrous ancestry.
   371 | D:2      | Gained mutation: Your touch may inflict minor irresistible
                  | damage on your foes. [demonic ancestry]
   371 | D:2      | Reached XP level 2. HP: 15/24 MP: 2/2
   466 | D:2      | HP: 4/24 [goblin/+5 dagger (3)]
   473 | D:2      | HP: 6/24 [adder (1)]
   551 | D:2      | Reached skill level 3 in Axes
   587 | D:2      | Reached XP level 3. HP: 26/29 MP: 3/3
  1045 | D:3      | Found a hazy altar of Hepliaklqana.
  1269 | D:3      | HP: 6/29 [poisoned by an adder]
  1271 | D:3      | HP: 2/29 [poisoned by an adder]
  1272 | D:3      | Succumbed to an adder's poison

Illustrated notes

Levels and vault maps discovered:
D:1:      ebering_trefoil_twist, layout_basic
D:2:      layout_rooms, minmay_misc_feat_alley, hex_large
D:3:      wad_lake_hut, layout_basic, mainiacjoe_overflow_concentric_impassable

Skill      XL: |  1  2 |
---------------+-------+-----
Axes           | 2 3 |  3.9
Fighting       | |  3.0
Armour         | |  2.6
Shields        | |  2.6

Action                     || total
---------------------------++-------
  Melee: War axe           ||    90
    Use: Scroll            ||     7
 Armour: Scale mail        ||    36
  Dodge: Dodged            ||    34
  Block: Buckler           ||    24

Levels and vault maps discovered:
D:1:      ebering_trefoil_twist, layout_basic
D:2:      layout_rooms, minmay_misc_feat_alley, hex_large
D:3:      wad_lake_hut, layout_basic, mainiacjoe_overflow_concentric_impassable

Table legend: (Time is in decaauts)
 A = Elapsed time spent in this place.
 B = Non-inter-level travel time spent in this place.
 C = Inter-level travel time spent in this place.
 D = Time resting spent in this place.
 E = Time spent auto-exploring this place.
 F = Levels seen in this place.
 G = Mean time per level.
                   A        B        C        D        E       F      G
               +--------+--------+--------+--------+--------+-----+--------+
         Total |   1316 |   1306 |     10 |      0 |   1022 |   3 |  438.7 |
       Dungeon |   1316 |   1306 |     10 |      0 |   1022 |   3 |  438.7 |
               +--------+--------+--------+--------+--------+-----+--------+

Top non-repeatable levels by time:
     D:2: 611 daAuts
     D:1: 365 daAuts
     D:3: 339 daAuts

Table legend:
 A = Kills in this place as a percentage of kills in the entire game.
 B = Kills by you in this place as a percentage of kills by you in the entire game.
 C = Kills by friends in this place as a percentage of kills by friends in the entire game.
 D = Other kills in this place as a percentage of other kills in the entire game.
 E = Experience gained in this place as a percentage of experience gained in the entire game.
 F = Experience gained in this place divided by the number of levels of this place that you have seen.
                   A       B       C       D       E      F
               +-------+-------+-------+-------+-------+----------------------
         Total | 100.0 | 100.0 |   N/A |   N/A | 100.0 |  31.7
       Dungeon | 100.0 | 100.0 |   N/A |   N/A | 100.0 |  31.7
               +-------+-------+-------+-------+-------+----------------------
